 Dungeon Crawl Stone Soup version 0.28.0-45-g0d030f2227 (webtiles) character file.

Game seed: 17182543951661069851

183 jimonade the Magician (level 5, -2/37 HPs)
             Began as a Djinni Hedge Wizard on Apr 6, 2022.
             Slain by Duvessa
             ... wielding a +0 short sword
              (8 damage)
             ... on level 4 of the Dungeon.
             The game lasted 00:15:36 (4739 turns).

jimonade the Magician (Djinni Hedge Wizard)         Turns: 4739, Time: 00:15:36

Health: -2/37      AC:  6    Str: 11    XL:     5   Next: 94%
Gold:   114        EV: 12    Int: 10    God:
                   SH:  0    Dex: 13

rFire   + + .      SeeInvis .   u - +10 mace of Dissent {speed, rC+ rN+ Int-5}
rCold   . . .      Faith    .   (no shield)
rNeg    + . .      Spirit   .   w - +1 leather armour {Will+}
rPois   ∞          Reflect  .   j - +0 helmet
rElec   .          Harm     .   x - +0 cloak
rCorr   .          Rampage  .   (no gloves)
Will    +....                   (boots unavailable)
Stlth   ++........              (no amulet)
HPRegen 0.12/turn               (no ring)
MPRegen 0.00/turn               (no ring)

@: flying
A: sickness immunity, fire resistance 2, cold vulnerability 1, float, innate
caster, HP casting, extra vitality 1
a: no special abilities


You were on level 4 of the Dungeon.
You visited 1 branch of the dungeon, and saw 4 of its levels.

You collected 114 gold pieces.

Inventory:

Hand Weapons
 a - a +0 dagger
 e - a +0 spear
 l - a +2 halberd of venom
 p - a +0 vorpal mace
 u - the +10 mace of Dissent (weapon) {speed, rC+ rN+ Int-5}
   (You found it on level 3 of the Dungeon)

   Attacks with this weapon are significantly faster.
   Int:       It affects your intelligence (-5).
   rC:        It protects you from cold.
   rN:        It protects you from negative energy.
Missiles
 i - 21 arrows
 k - 50 bolts
 m - 6 poisoned darts
 o - 23 stones
 r - 18 sling bullets
Armour
 b - a +0 robe
 c - a +0 hat
 j - a +0 helmet (worn)
 v - a +1 leather armour of cold resistance
 w - a +1 leather armour of willpower (worn)
 x - a +0 cloak (worn)
Wands
 q - a wand of acid (8)
Scrolls
 s - a scroll of noise {unknown}
 t - a scroll of amnesia {unknown}
Potions
 d - 2 potions of heal wounds {unknown}
 f - a potion of flight {unknown}
 g - 5 potions of attraction {unknown}
 h - 3 potions of degeneration {unknown}
 n - a potion of cancellation {unknown}
 z - a potion of curing {unknown}


   Skills:
 * Level 1.0 Fighting
 * Level 0.2 Maces & Flails
 - Level 0.3 Polearms
 * Level 1.0 Armour
 + Level 2.4 Dodging
 - Level 1.7 Stealth
 * Level 4.3 Spellcasting


You couldn't memorise any spells.
You knew the following spells:

 Your Spells              Type           Power      Damage    Failure   Level
a - Magic Dart            Conj           40%        1d5       5%          1
b - Blink                 Tloc           20%        N/A       9%          2
c - Call Imp              Summ           10%        N/A       9%          2
d - Slow                  Hex            40%        N/A       5%          1
e - Conjure Flame         Conj/Fire      10%        6-21      17%         3
f - Mephitic Cloud        Conj/Pois/Air  10%        N/A       17%         3
g - Beastly Appendage     Tmut           20%        N/A       5%          1
h - Poisonous Vapours     Pois/Air       20%        N/A       9%          2
Your spell library was empty.

Dungeon Overview and Level Annotations

Branches:
Dungeon (4/15)
 Temple: D:4-7

Altars:

Annotations:
D:4 Dowan, Duvessa


Innate Abilities, Weirdness & Mutations

You are immune to sickness and miasma.
You are immune to poison.
Your flesh is very heat resistant. (rF++)
You are vulnerable to cold. (rC-)
You float through the air rather than walking.
You learn spells naturally, not from books.
Your magical power is your life essence.
You have superior vitality. (+4 MHP)


Message History

Confirm with . or Enter, or press ? or * to list all spells.
Aiming: Poisonous Vapours (safe; 9% risk of failure)
Press: ? - help, Dir - move target, f/p - Dowan
Aim: Dowan, wielding a +0 dagger and wearing a +2 robe (lightly wounded, very poisoned, ally target) Poisonous vapours surround Dowan!
Dowan looks even sicker.
Duvessa closely misses you. Duvessa hits you with a +0 short sword.
You thump Duvessa!
Duvessa is moderately wounded.
Duvessa hits you with a +0 short sword.
Casting: Poisonous Vapours (safe; 9% risk of failure)
Confirm with . or Enter, or press ? or * to list all spells.
Aiming: Poisonous Vapours (safe; 9% risk of failure)
Press: ? - help, Dir - move target, f/p - Dowan
Aim: Dowan, wielding a +0 dagger and wearing a +2 robe (moderately wounded, very poisoned, ally target) Poisonous vapours surround Dowan!
Dowan looks as sick as possible!
Duvessa hits you with a +0 short sword. Duvessa barely misses you.
Your magical contamination has completely faded away.
Your crimson imp hits Dowan but does no damage.
Dowan mumbles some strange words.
Dowan blinks!
An endoplasm comes into view.
Duvessa says, "When magic and the sword combine, nothing stands against them."
Duvessa hits you but does no damage.
Duvessa says, "Where magic fails, the sword succeeds!"
Duvessa says, "My weaknesses are his strengths!"
Duvessa misses you. Duvessa hits you with a +0 short sword.
Duvessa hits you with a +0 short sword.
Your crimson imp disappears in a puff of smoke!
Duvessa barely misses you. Duvessa hits you with a +0 short sword.
* * * LOW HITPOINT WARNING * * *
Duvessa hits you with a +0 short sword.
* * * LOW HITPOINT WARNING * * *
There is a stone staircase leading up here.
Duvessa hits you with a +0 short sword.
* * * LOW HITPOINT WARNING * * *
Duvessa hits you with a +0 short sword!
You die...

######## #......#.#
###.###@##.#.#
........e..#.#
###........#.#
.....#####.#.# ####.
#J#.# # . #.#.###### #.
#########.#......# #..
#...J........###.#
##$..######.#########..#


You could see Duvessa (fast) and an endoplasm.

Vanquished Creatures
  Crazy Yiuf (D:3)
  A hound skeleton (D:4)
  4 adders
  A gnoll (D:2)
  2 worms
  3 dart slugs
  3 orcs (D:3)
  5 ball pythons
  5 endoplasms
  2 giant cockroaches
  4 goblins (D:1)
  6 hobgoblins
  6 jackals (D:1)
  3 kobolds (D:2)
  2 quokkas (D:3)
  3 bats
  9 frilled lizards
  3 rats
63 creatures vanquished.

Vanquished Creatures (collateral kills)
  2 gnolls (D:2)
2 creatures vanquished.

Grand Total: 65 creatures vanquished

Notes
Turn   | Place    | Note
-------+----------+-------------------------------------------
     0 | D:1      | jimonade the Djinni Hedge Wizard began the quest for the
                  | Orb.
     0 | D:1      | Reached XP level 1. HP: 15/15 MP: 0/0
   251 | D:1      | Reached XP level 2. HP: 17/21 MP: 0/0
   470 | D:1      | Reached skill level 3 in Spellcasting
   725 | D:1      | Reached XP level 3. HP: 24/25 MP: 0/0
   725 | D:1      | Learned a level 1 spell: Beastly Appendage
  1397 | D:1      | Found a faded altar of an unknown god.
  1879 | D:2      | Reached XP level 4. HP: 26/31 MP: 0/0
  3117 | D:2      | Reached XP level 5. HP: 4/36 MP: 0/0
  3117 | D:2      | Learned a level 2 spell: Poisonous Vapours
  3131 | D:2      | Reached skill level 4 in Spellcasting
  4198 | D:3      | Identified the +10 mace of Dissent {speed, rC+ rN+ Int-5}
  4202 | D:3      | Found a runed translucent door.
  4203 | D:3      | Noticed Crazy Yiuf
  4211 | D:3      | Killed Crazy Yiuf
  4212 | D:3      | Reached skill level 1 in Fighting
  4653 | D:4      | Reached skill level 1 in Armour
  4712 | D:4      | Noticed Duvessa
  4712 | D:4      | Noticed Dowan
  4739 | D:4      | Slain by Duvessa

Illustrated notes

Levels and vault maps discovered:
D:1:      lightli_arrival_noodles, layout_loops_ring,
          dilly_ecumenical_altar_fadedgnrine
D:2:      layout_basic
D:3:      layout_basic, uniq_crazy_yiuf_cottage
D:4:      layout_basic, uniq_robin, uniq_duvessa, uniq_grinder

Skill      XL: |  1  2  3  4  5 |
---------------+----------------+-----
Spellcasting   | 3 4 |  4.3
Fighting       | 1 |  1.0
Armour         | 1 |  1.0
Maces & Flails | |  0.2
Polearms       | |  0.3
Dodging        | |  2.4
Stealth        | |  1.7

Action                   |  1- 3 |  4- 6 || total
-------------------------+-------+-------++-------
Melee: Dagger            |     8 |    34 ||    42
       Punch             |       |     1 ||     1
       Halberd           |       |    33 ||    33
       Mace              |       |    15 ||    15
 Cast: Magic Dart        |    69 |    32 ||   101
       Blink             |     1 |       ||     1
       Mephitic Cloud    |       |     6 ||     6
       Call Imp          |       |     5 ||     5
       Poisonous Vapours |       |    17 ||    17
       Conjure Flame     |       |     1 ||     1
 Stab: Sleeping          |     2 |     4 ||     6
       Confused          |       |     1 ||     1
Armor: Robe              |     3 |    15 ||    18
       Leather armour    |       |     6 ||     6
Dodge: Dodged            |     5 |    67 ||    72
